 Dungeon Crawl Stone Soup version 0.21.1-1-g345015f (webtiles) character file.

46 rlgrobin the Skirmisher (level 3, 0/29 HPs)
             Began as a Demonspawn Fighter on Feb 5, 2018.
             Slain by a hippogriff (1 damage)
             ... on level 2 of the Dungeon.
             The game lasted 00:03:37 (1541 turns).

rlgrobin the Skirmisher (Demonspawn Fighter)        Turns: 1541, Time: 00:03:38

Health: 0/29       AC:  6    Str: 22    XL:     3   Next: 44%
Magic:  3/3        EV:  7    Int:  9    God:
Gold:   101        SH:  9    Dex: 12    Spells: 2/2 levels left

rFire    . . .     SeeInvis .   a - +0 flail
rCold    . . .     Gourm    .   c - +0 shield
rNeg     . . .     Faith    .   b - +0 scale mail
rPois    .         Spirit   .   (helmet restricted)
rElec    .         Reflect  .   (no cloak)
rCorr    .         Harm     .   (no gloves)
MR       .....                  (no boots)
Stlth    ..........             (no amulet)
HPRegen  0.09/turn              (no ring)
MPRegen  0.08/turn              (no ring)

@: mighty
A: antennae 1, powered by death 1
a: no special abilities


You were on level 2 of the Dungeon.
You were very hungry.

You visited 1 branch of the dungeon, and saw 2 of its levels.

You collected 101 gold pieces.


Innate Abilities, Weirdness & Mutations

You have a pair of small antennae on your head.
You regenerate a little health from kills.


   Skills:
 + Level 3.4 Fighting
 + Level 2.3 Maces & Flails
 + Level 3.1 Armour
 + Level 3.0 Shields


You had 2 spell levels left.
You didn't know any spells.

Inventory:

Hand Weapons
 a - a +0 flail (weapon)
Armour
 b - a +0 scale mail (worn)
 c - a +0 shield (worn)
 k - a +0 hat
Scrolls
 j - a scroll of identify {unknown}
 m - a scroll of remove curse {unknown}
 n - a scroll of enchant weapon {unknown}
Potions
 i - 2 potions of brilliance {unknown}
 l - a potion of curing {unknown}
 o - a potion of agility {unknown}
Comestibles
 f - a ration

Dungeon Overview and Level Annotations

Branches:
Dungeon (2/15)

Altars:
Kikubaaqudgha
Trog
Xom

▒▒▒▒▒▒▒▒▒▒▒▒▒▒▒▒▒▒▒▒▒▒▒▒▒▒▒▒▒▒▒▒▒
▒ ▒.8..8 ▒ ▒8_... ▒ ▒..... ▒
▒▒▒▒▒▒▒ ▒8.... ▒ ▒.....▒ ▒▒▒▒▒▒▒
▒._... ▒ ▒+▒ ▒.....▒ ......▒
▒8.... ▒ ▒.▒ ▒▒.....▒▒▒H.....▒
▒..... ▒ ▒.▒ ▒......'.6......▒
▒8_... ▒▒ ▒.▒▒▒......▒▒▒......▒
▒.8..8 .▒▒▒...▒.▒▒▒▒▒▒▒▒......▒
▒▒▒▒▒▒ ...'>...................
..▒▒...▒.▒▒▒▒▒▒▒▒▒▒%▒▒▒▒
..▒▒..(▒.▒ .▒ ..▒▒...▒.▒ ▒
..▒▒▒▒▒▒.▒ ..▒▒▒▒▒▒.▒


You could see a hippogriff.


Message History

There is an open door here!
You flatten the hippogriff like a pancake!!!
The hippogriff is moderately wounded!
You block the hippogriff's attack! The hippogriff pecks you!
The hippogriff completely misses you!
You take 5 damage, and have 24/29 hp!
Okay, then!
You pound the hippogriff like an anvil!
The hippogriff is moderately wounded!
You block the hippogriff's attack!
The hippogriff pecks you but does no damage!
The hippogriff claws you!!! You block the hippogriff's attack!
The hippogriff pecks you but does no damage!
The hippogriff claws you but does no damage!
You take 7 damage, and have 17/29 hp!
MASSIVE DAMAGE!!!!!!
You beat the hippogriff like a drum!
The hippogriff is moderately wounded!
You block the hippogriff's attack! x2; The hippogriff claws you! * * * don't die
* * * You take 6 damage, and have 11/29 hp!
MASSIVE DAMAGE!!!!!!
You feel very mighty all of a sudden! You block the hippogriff's attack!
The hippogriff pecks you! * * * don't die
* * * The hippogriff claws you!!! * * * don't die
* * * You take 10 damage, and have 1/29 hp!
MASSIVE DAMAGE!!!!!!
You hammer the hippogriff like a gong!!!
The hippogriff is heavily wounded!
You block the hippogriff's attack! The hippogriff pecks you! rip

Action                   || total
-------------------------++-------
Melee: Flail             ||   150
  Use: Potion            ||     3
  Eat: Chunk             ||     1
Armor: Scale mail        ||    94
Dodge: Dodged            ||    45
Block: Shield            ||   101

Vault maps used:
D:1:      onia_arrival_zoo_common, serial_bayou_pond_d, minmay_misc_feat_cross,
          hangedman_decor_slide_cut, minmay_octomino_e4
D:2:      doesnt_xom_only_xom

Notes
Turn   | Place    | Note
-------+----------+-------------------------------------------
     0 | D:1      | rlgrobin the Demonspawn Fighter began the quest for the Orb.
     0 | D:1      | Reached XP level 1. HP: 18/18 MP: 1/1
     6 | D:1      | Noticed a lindwurm
     6 | D:1      | Noticed a rime drake
     6 | D:1      | Noticed a komodo dragon
     6 | D:1      | Noticed a black bear
   288 | D:1      | Reached skill level 2 in Maces & Flails
   288 | D:1      | Gained mutation: You have a pair of small antennae on your head. [demonic ancestry]
   288 | D:1      | Reached XP level 2. HP: 22/24 MP: 2/2
   451 | D:1      | Reached skill level 3 in Armour
   783 | D:1      | Reached skill level 3 in Shields
   802 | D:1      | Gained mutation: You regenerate a little health from kills. [demonic ancestry]
   802 | D:1      | Reached XP level 3. HP: 20/29 MP: 3/3
  1188 | D:2      | Found a sparkling altar of Nemelex Xobeh.
  1190 | D:2      | Found a burning altar of Makhleb.
  1190 | D:2      | Found a shimmering altar of Xom.
  1192 | D:2      | Found a shimmering altar of Xom.
  1192 | D:2      | Found an ancient bone altar of Kikubaaqudgha.
  1192 | D:2      | Found a bloodstained altar of Trog.
  1535 | D:2      | Noticed a hippogriff
  1540 | D:2      | HP: 1/29 [hippogriff (7)]
  1541 | D:2      | Slain by a hippogriff

Vanquished Creatures
  An adder (D:2)
  An ooze (D:1)
  A dart slug (D:1)
  2 giant cockroaches (D:1)
  5 goblins (D:1)
  5 hobgoblins
  A ball python (D:2)
  5 bats (D:1)
  3 frilled lizards (D:1)
  3 kobolds (D:1)
  3 rats
30 creatures vanquished.
